[ AOE2 MATCH · #507219704 ]
UnrankedCumans vs Japanese
Player's team · LOSS
[ REPLAY ANALYSIS · EXTRACTED FROM THE RECORDED GAME ]
Feudal
9:16
Castle
—
Imperial
—
| APM avg | 52.4 |
| APM peak | 91 |
| eAPM avg | 23.6 |
| Villagers / military | 48 / 19 |
Focus
⚔️ 44.8% · 🌾 55.2%
Archer ×11 · Skirmisher ×8
Feudal
8:51
Castle
—
Imperial
—
| APM avg | 41.2 |
| APM peak | 75 |
| eAPM avg | 19.2 |
| Villagers / military | 44 / 19 |
Focus
⚔️ 32.7% · 🌾 67.3%
Archer ×11 · Scout Cavalry ×5 · Militia ×3
Match map
Initial resources + every placement click. Lines = walls · curves = elevation contours. ◆ gold · ⬟ stone · ● berries · ✦ relic · ◌ wall gap
Your base· Open — unwalled flank
[ASYNC]GodsPrisoner's base· Open — unwalled flank
Smoothed initial terrain · ◌ = detected wall gap · hover for details
Inputs per minute
— 小少少 - - [ASYNC]GodsPrisoner
Build order — 小少少
113 actions detected in the replay
| 0:01 | Create | Villager (Male) |
| 0:01 | Create | Villager (Male) |
| 0:02 | Build | House |
| 0:09 | Create | Villager (Male) |
| 0:10 | Create | Villager (Male) |
| 0:10 | Create | Villager (Male) |
| 1:22 | Build | House |
| 1:22 | Build | House |
| 1:25 | Create | Villager (Male) |
| 1:26 | Create | Villager (Male) |
| 1:57 | Create | Villager (Male) |
| 2:18 | Create | Villager (Male) |
| 2:18 | Create | Villager (Male) |
| 2:20 | Build | Lumber Camp |
| 2:40 | Create | Villager (Male) |
| 2:40 | Create | Villager (Male) |
| 3:04 | Create | Villager (Male) |
| 3:04 | Create | Villager (Male) |
| 3:25 | Create | Villager (Male) |
| 3:25 | Create | Villager (Male) |
| 3:51 | Create | Villager (Male) |
| 4:01 | Create | Villager (Male) |
| 4:02 | Create | Villager (Male) |
| 4:26 | Create | Villager (Male) |
| 4:43 | Build | Mill |
| 4:49 | Create | Villager (Male) |
| 4:50 | Create | Villager (Male) |
| 5:15 | Research | Loom |
| 5:21 | Create | Villager (Male) |
| 5:23 | Research | Loom |
| 5:28 | Build | House |
| 5:58 | Build | Palisade Wall |
| 6:00 | Build | Palisade Wall |
| 6:58 | Research | Feudal Age |
| 8:14 | Build | Barracks |
| 8:17 | Build | House |
| 8:27 | Build | Palisade Wall |
| 8:32 | Build | Palisade Wall |
| 8:38 | Create | Villager (Male) |
| 9:16 | Age | Feudal Age |
| 9:19 | Build | Archery Range |
| 9:20 | Research | Double-Bit Axe |
| 9:24 | Create | Villager (Male) |
| 9:31 | Build | Blacksmith |
| 9:47 | Create | Villager (Male) |
| 9:57 | Build | Farm |
| 9:58 | Create | Skirmisher |
| 10:10 | Create | Skirmisher |
| 10:10 | Create | Skirmisher |
| 10:13 | Create | Villager (Male) |
| 10:22 | Build | Palisade Wall |
| 10:23 | Build | Palisade Wall |
| 10:28 | Create | Skirmisher |
| 10:39 | Build | Farm |
| 10:40 | Create | Villager (Male) |
| 10:57 | Build | Farm |
| 10:58 | Create | Skirmisher |
| 11:07 | Build | Farm |
| 11:16 | Create | Villager (Male) |
| 11:17 | Create | Villager (Male) |
| 11:26 | Build | Farm |
| 11:29 | Create | Skirmisher |
| 11:39 | Build | Farm |
| 11:42 | Create | Villager (Male) |
| 11:42 | Create | Villager (Male) |
| 11:49 | Build | House |
| 11:51 | Build | House |
| 12:05 | Create | Villager (Male) |
| 12:07 | Build | Farm |
| 12:14 | Create | Skirmisher |
| 12:26 | Build | House |
| 12:27 | Build | House |
| 12:31 | Build | Mining Camp |
| 12:32 | Create | Villager (Male) |
| 12:48 | Build | Farm |
| 12:52 | Create | Skirmisher |
| 12:57 | Research | Fletching |
| 13:03 | Create | Villager (Male) |
| 13:03 | Create | Villager (Male) |
| 13:09 | Build | House |
| 13:16 | Build | Farm |
| 13:22 | Create | Villager (Male) |
| 13:22 | Create | Villager (Male) |
| 13:29 | Create | Villager (Male) |
| 13:47 | Build | Farm |
| 13:49 | Build | Farm |
| 13:52 | Create | Archer |
| 13:52 | Create | Archer |
| 13:57 | Create | Villager (Male) |
| 14:10 | Create | Archer |
| 14:14 | Create | Villager (Male) |
| 14:34 | Build | Farm |
| 14:37 | Build | Farm |
| 14:40 | Build | Farm |
| 14:41 | Create | Archer |
| 14:47 | Create | Villager (Male) |
| 14:53 | Create | Archer |
| 14:57 | Create | Villager (Male) |
| 15:20 | Build | Archery Range |
| 15:22 | Create | Archer |
| 15:39 | Build | Farm |
| 15:39 | Create | Villager (Male) |
| 15:55 | Create | Archer |
| 16:02 | Create | Villager (Male) |
| 16:09 | Build | House |
| 16:32 | Create | Archer |
| 16:33 | Create | Archer |
| 16:40 | Build | House |
| 17:16 | Create | Archer |
| 17:16 | Create | Archer |
| 17:18 | Create | Villager (Male) |
| 17:31 | Create | Villager (Male) |
| 17:31 | Create | Villager (Male) |
Build order — [ASYNC]GodsPrisoner
109 actions detected in the replay
| 0:00 | Create | Villager (Male) |
| 0:02 | Build | House |
| 0:03 | Build | House |
| 0:07 | Create | Villager (Male) |
| 0:16 | Create | Villager (Male) |
| 0:21 | Create | Villager (Male) |
| 0:21 | Create | Villager (Male) |
| 1:31 | Create | Villager (Male) |
| 1:47 | Build | Mill |
| 1:54 | Create | Villager (Male) |
| 2:16 | Create | Villager (Male) |
| 2:33 | Create | Villager (Male) |
| 2:56 | Create | Villager (Male) |
| 3:09 | Build | Lumber Camp |
| 3:16 | Create | Villager (Male) |
| 3:46 | Create | Villager (Male) |
| 3:50 | Build | House |
| 4:27 | Create | Villager (Male) |
| 4:56 | Create | Villager (Male) |
| 5:15 | Create | Villager (Male) |
| 5:47 | Create | Villager (Male) |
| 6:00 | Build | Barracks |
| 6:13 | Research | Loom |
| 6:36 | Research | Feudal Age |
| 6:41 | Build | House |
| 6:49 | Build | Mining Camp |
| 6:53 | Create | Militia |
| 7:13 | Create | Militia |
| 7:31 | Build | Mill |
| 7:39 | Create | Militia |
| 8:09 | Build | House |
| 8:40 | Create | Villager (Male) |
| 8:51 | Age | Feudal Age |
| 8:54 | Research | Man-at-Arms (upgrade) |
| 8:58 | Create | Villager (Male) |
| 9:07 | Create | Villager (Male) |
| 9:22 | Create | Villager (Male) |
| 9:36 | Build | Archery Range |
| 9:37 | Create | Villager (Male) |
| 10:05 | Research | Double-Bit Axe |
| 10:19 | Create | Archer |
| 10:28 | Create | Villager (Male) |
| 10:41 | Build | Lumber Camp |
| 10:44 | Create | Villager (Male) |
| 10:57 | Build | House |
| 11:03 | Build | Farm |
| 11:09 | Create | Archer |
| 11:10 | Create | Villager (Male) |
| 11:26 | Build | House |
| 11:29 | Create | Archer |
| 11:34 | Build | Farm |
| 11:34 | Create | Villager (Male) |
| 11:46 | Build | Farm |
| 11:47 | Create | Villager (Male) |
| 11:51 | Create | Archer |
| 12:08 | Create | Villager (Male) |
| 12:16 | Build | Farm |
| 12:19 | Build | Farm |
| 12:25 | Create | Archer |
| 12:30 | Build | Farm |
| 12:34 | Build | House |
| 12:52 | Create | Villager (Male) |
| 13:01 | Build | Stable |
| 13:04 | Create | Archer |
| 13:04 | Create | Villager (Male) |
| 13:17 | Build | Farm |
| 13:24 | Build | House |
| 13:32 | Create | Villager (Male) |
| 13:41 | Build | Farm |
| 13:47 | Build | Farm |
| 13:47 | Create | Scout Cavalry |
| 13:53 | Build | House |
| 13:54 | Create | Villager (Male) |
| 13:59 | Create | Archer |
| 14:19 | Create | Villager (Male) |
| 14:22 | Build | Blacksmith |
| 14:28 | Create | Villager (Male) |
| 14:36 | Create | Archer |
| 14:40 | Create | Scout Cavalry |
| 14:42 | Build | Farm |
| 14:48 | Create | Villager (Male) |
| 14:57 | Build | Farm |
| 14:59 | Build | Farm |
| 15:04 | Create | Scout Cavalry |
| 15:04 | Create | Scout Cavalry |
| 15:15 | Build | Farm |
| 15:19 | Build | House |
| 15:21 | Research | Fletching |
| 15:24 | Build | Palisade Wall |
| 15:34 | Create | Villager (Male) |
| 15:36 | Build | Farm |
| 15:40 | Build | Farm |
| 15:47 | Create | Villager (Male) |
| 15:51 | Build | Palisade Wall |
| 15:54 | Build | Palisade Wall |
| 16:05 | Create | Villager (Male) |
| 16:10 | Create | Villager (Male) |
| 16:21 | Create | Scout Cavalry |
| 16:22 | Create | Archer |
| 16:26 | Create | Villager (Male) |
| 16:33 | Build | Farm |
| 16:34 | Build | Farm |
| 16:46 | Create | Villager (Male) |
| 17:00 | Create | Villager (Male) |
| 17:07 | Create | Villager (Male) |
| 17:18 | Create | Villager (Male) |
| 17:20 | Create | Archer |
| 17:34 | Create | Villager (Male) |
| 17:38 | Create | Archer |
Match timeline
| 5:58 | 小少少 · wall_segment Palisade Wall x5 |
| 6:00 | [ASYNC]GodsPrisoner · first_building Barracks |
| 6:00 | 小少少 · wall_segment Palisade Wall x7 |
| 8:14 | 小少少 · first_building Barracks |
| 8:27 | 小少少 · wall_segment Palisade Wall x6 |
| 8:32 | 小少少 · wall_segment Palisade Wall x4 |
| 8:51 | [ASYNC]GodsPrisoner · age_up feudal |
| 9:16 | 小少少 · age_up feudal |
| 9:19 | 小少少 · first_building Archery Range |
| 9:36 | [ASYNC]GodsPrisoner · first_building Archery Range |
| 10:22 | 小少少 · wall_segment Palisade Wall x1 |
| 10:23 | 小少少 · wall_segment Palisade Wall x1 |
| 13:01 | [ASYNC]GodsPrisoner · first_building Stable |
| 15:24 | [ASYNC]GodsPrisoner · wall_segment Palisade Wall x1 |
| 15:51 | [ASYNC]GodsPrisoner · wall_segment Palisade Wall x17 |
| 15:54 | [ASYNC]GodsPrisoner · wall_segment Palisade Wall x1 |
| 17:40 | 小少少 · resign |
[ AI ANALYSIS · 1 CREDIT ]
What really happened in this match?
Wolo.gg analyzes every decision: build order, eco, micro, common mistakes by bracket. Personalized analysis on WhatsApp or Discord in 30 seconds.
Civ guide
Cumans
Perfil
Jugador #9750845